 Dungeon Crawl Stone Soup version 0.20-a0-11-ga97c7b5 (webtiles) character file.

157926 Maramoto the Thaumaturge (level 17, -10/103 HPs)
             Began as a Gargoyle Earth Elementalist on Nov 1, 2016.
             Was a High Priest of Vehumet.
             Shot with an arrow by a naga sharpshooter (15 damage)
             ... led by Vashnia
             ... on level 2 of the Snake Pit on Nov 2, 2016.
             The game lasted 03:04:20 (51894 turns).

Maramoto the Thaumaturge (GrEE)                    Turns: 51894, Time: 03:04:21

Health: -10/103    AC: 26    Str: 17    XL:     17   Next: 70%
Magic:  3/44       EV: 16    Int: 30    God:    Vehumet [*****.]
Gold:   1649       SH:  5    Dex: 12    Spells: 8 memorised, 9 levels left

rFire  . . .     SeeInvis .     c - +5 quarterstaff of Evisceration {freeze, Int+4}
rCold  . . .     Gourm    .     i - +2 robe {MR+}
rNeg   + . .     Faith    .     (shield currently unavailable)
rPois  ∞         Spirit   .     y - +2 hat {Int+3}
rElec  +         Reflect  +     I - +1 cloak
rCorr  .         Harm     .     F - +1 pair of gloves
MR     ++...                    x - +0 pair of boots
Stlth  ++........               R - +5 amulet of reflection
                                Q - +5 ring of strength
                                e - ring of magical power

@: flying, very slightly contaminated, invisible
A: big wings, agile 1, negative energy resistance 1, electricity resistance,
unbreathing, petrification resistance, rot immunity, AC +12
a: Stop Flying, Renounce Religion


You were on level 2 of the Snake Pit.
You worshipped Vehumet.
Vehumet was extremely pleased with you.
You were hungry.

You visited 5 branches of the dungeon, and saw 26 of its levels.
You visited 1 bazaar.
You also visited: Labyrinth, Sewer, Ossuary, Ice Cave and Volcano.

You collected 3035 gold pieces.
You spent 1386 gold pieces at shops.

Inventory:

Hand Weapons
 c - the +5 quarterstaff of Evisceration (weapon) {freeze, Int+4}
   (You found it on level 7 of the Dungeon)

   It has been specially enchanted to freeze those struck by it, causing extra
   injury to most foes and up to half again as much damage against particularly
   susceptible opponents.
   It can also slow down cold-blooded creatures.
   It affects your intelligence (+4).
Armour
 i - a +2 robe of magic resistance (worn)
 x - a +0 pair of boots (worn)
 y - a +2 hat of intelligence (worn)
 F - a +1 pair of gloves (worn)
 H - a +2 robe of resistance
 I - a +1 cloak (worn)
Magical Staves
 w - an uncursed staff of earth
 E - an uncursed staff of fire
Jewellery
 e - a ring of magical power (left hand)
 J - a +3 ring of evasion
 K - an uncursed ring of resist corrosion
 Q - a +5 ring of strength (right hand)
 R - a +5 amulet of reflection (around neck)
Wands
 g - a wand of slowing (15/48)
 j - a wand of disintegration (8/24)
 m - a wand of heal wounds (0/9)
 A - a wand of teleportation (5/9)
 T - a wand of digging (18/24)
Scrolls
 f - a scroll of fear
 p - 3 scrolls of recharging
 q - 2 scrolls of blinking
 r - 8 scrolls of remove curse
 u - 5 scrolls of identify
 C - a scroll of holy word
 D - 3 scrolls of fog
 G - 4 scrolls of teleportation
 L - 6 scrolls of amnesia
Potions
 a - 5 potions of cancellation
 l - a potion of resistance
 n - 5 potions of curing
 o - 4 potions of lignification
 s - 3 potions of brilliance
 M - 2 potions of might
Comestibles
 d - 25 bread rations
 t - 7 meat rations
 Z - a royal jelly


   Skills:
 + Level 10.4 Fighting
   Level 5.7(8.3) Maces & Flails
   Level 1.5(5.5) Polearms
 + Level 9.3(10.1) Staves
 + Level 11.1 Armour
 + Level 8.5 Dodging
 - Level 2.1 Stealth
 * Level 14.4 Spellcasting
 + Level 12.1 Conjurations
   Level 0.7 Transmutations
 * Level 10.6 Fire Magic
 + Level 13.6 Earth Magic


You had 9 spell levels left.
You knew the following spells:

 Your Spells              Type           Power        Failure   Level  Hunger
a - Sandblast             Erth           ######       0%          1    None
b - Stone Arrow           Conj/Erth      ######       1%          3    None
c - Lee's Rapid Deconstr  Erth           #######...   1%          5    None
d - Bolt of Fire          Conj/Fire      ######....   1%          6    ###....
e - Mephitic Cloud        Conj/Pois/Air  #####...     1%          3    None
f - Fireball              Conj/Fire      ######....   1%          5    None
g - Poison Arrow          Conj/Pois      ######....   9%          6    ###....
h - Iron Shot             Conj/Erth      #######...   1%          6    ###....


Dungeon Overview and Level Annotations

Branches:
Dungeon (15/15)            Temple (1/1) D:6            Lair (6/6) D:8
 Shoals (0/4) Lair:2        Snake (2/4) Lair:4        Slime (0/5) Lair:5
    Orc (2/2) D:12            Elf (0/3) Orc:2        Vaults (0/5) D:14
 Depths (0/5) D:15

Altars:
Ashenzari
Cheibriados
Dithmenos
Elyvilon
Fedhas
Gozag
Hepliaklqana
Kikubaaqudgha
Makhleb
Nemelex Xobeh
Okawaru
Qazlal
Ru
Sif Muna
Trog
Uskayaw
Vehumet
Xom
Yredelemnul
Zin
The Shining One
Beogh
Jiyva

Shops:
D:14 [![   Orc:1 *   Orc:2 (%?:   Snake:1 (=}}   Snake:2 }(

Annotations:
Snake:2 Vashnia


Innate Abilities, Weirdness & Mutations

You are resistant to torment.
Your stone body is resilient. (AC +12)
You are immune to poison.
Your large and strong wings let you fly indefinitely.
You resist negative energy. (rN+)
You are resistant to electric shocks. (rElec)
You can survive without breathing.
You are immune to petrification.
You are immune to rotting.
You are agile. (Dex +2)


Message History

Vashnia is almost dead.
The naga sharpshooter casts a spell.
The naga sharpshooter magically shoots an arrow.
The arrow hits you! You block Vashnia's attack.
* * * LOW HITPOINT WARNING * * *
Vashnia constricts you.
The naga sharpshooter gestures wildly while chanting.
The naga sharpshooter magically shoots a bolt.
The bolt hits you!!
* * * LOW HITPOINT WARNING * * *
Okay, then.
Blink to where?
Press: ? - help, Dir - move target cursor, p - Vashnia You escape Vashnia's grasp.
As you read the scroll of blinking, it crumbles to dust.
The naga sharpshooter shoots a bolt.
The bolt closely misses you.
Unknown command.
You are feeling hungry.
The naga sharpshooter shoots an arrow.
The arrow hits you!
You die...

***,,,**,##.........[.#*,*
*,*****,,,###....<.N..#,,*
,,,,,,**,,,*##..NN((((#.,**
,,,,,,,*,,,,#.[..N........#
,,,,,,,,,,,,##............#
,,,,,,,,,,***#............#
,,,,,,,,*** ###.N..N....)#
,,,,,,,** ##....(...[#*
,,,,,*** #@#..?(##...#*
,,,,** ####..(N*#...* ,,,**
*,,.).#...## ,,,*
***#......<## ,,,*
#.....##)# ,,,* ##...,*###
,,,* #.N,,* ,,,* *#N,,,*
,,** **#.,,,,*


You could see Vashnia and 4 naga sharpshooters.

Vanquished Creatures
  The ghost of GsBirdie the Executioner, an adept MiBe of Trog (Snake:1)
  A frost giant (IceCv)
  A very ugly thing (D:14)
  Nessos (Lair:4)
  A minotaur (Lab)
  A yaktaur captain (D:15)
  2 fire dragons
  Erolcha (D:10)
  A catoblepas (Lair:2)
  3 naga warriors (Snake:1)
  6 ogre magi
  2 centaur warriors
  11 hydras
  7 anacondas (Snake:1)
  A death knight (D:14)
  The ghost of GsBirdie the Severer, a novice MiBe of Trog (D:9)
  5 naga sharpshooters (Snake:1)
  14 death yaks
  2 tengu warriors (D:15)
  2 shock serpents (Snake:2)
  A skeletal warrior (D:14)
  2 deep elf archers
  3 unseen horrors
  4 naga ritualists (Snake:1)
  6 hill giants
  A wizard (D:12)
  Pikel (D:6)
  2 lindwurms (Lair:6)
  7 mana vipers
  4 orc knights
  4 orc sorcerers
  10 ugly things
  6 manticores
  A salamander (Snake:2)
  4 cyclopes
  7 deep elf magi
  Maurice (D:11)
  6 elephants (Lair:6)
  A guardian serpent (Snake:2)
  25 black mambas
  Joseph (D:9)
  An ice statue (IceCv)
  5 naga magi
  A smoke demon (Volcano)
  A torpor snail (shapeshifter) (D:14)
  10 spiny frogs
  7 torpor snails
  6 rime drakes
  11 centaur skeletons
  2 efreet
  A yaktaur (shapeshifter) (D:15)
  8 komodo dragons
  A yaktaur (D:14)
  A freezing wraith (D:14)
  2 red devils (Volcano)
  7 trolls
  10 hornets
  3 tyrant leeches (Lair:6)
  2 tengu conjurers (D:14)
  14 two-headed ogres
  Prince Ribbit (D:5)
  3 meliai (D:15)
  23 polar bears
  3 raiju (Lair:6)
  20 blink frogs
  6 dream sheep (Lair:6)
  11 hippogriffs
  A snapping turtle (Lair:2)
  A spriggan (Lair:2)
  3 water elementals (D:13)
  A shadow (D:13)
  2 wraiths
  A redback (Lab)
  5 wyverns
  A vampire (D:15)
  A human (D:7)
  3 fire bats (Lair:5)
  3 hogs (D:7)
  4 vampire mosquitoes
  4 basilisks
  55 yaks
  4 hungry ghosts
  21 nagas
  6 wargs
  A harpy simulacrum (D:14)
  15 water moccasins
  7 hell hounds (Lair:6)
  A meliai simulacrum (D:14)
  28 orc warriors
  13 porcupines
  6 ice beasts
  15 black bears
  2 sky beasts
  An eye of draining (D:13)
  A phantom (D:10)
  A slave (D:6)
  42 ogres
  A necrophage (D:10)
  19 centaurs
  33 wolves
  2 boggarts
  18 crocodiles
  15 big kobolds
  The ghost of Maramoto the Digger, an amateur GrEE (D:3)
  22 bullfrogs
  3 gnoll sergeants (D:12)
  A wyvern zombie (D:10)
  15 killer bees
  4 scorpions
  3 howler monkeys
  13 wights
  6 electric eels
  A lava snake (D:8)
  4 crimson imps
  A quasit (D:6)
  22 hounds
  4 bullfrog zombies
  4 jellies
  3 centaur zombies
  22 orc priests
  5 bullfrog skeletons
  6 iguanas
  Terence (D:3)
  19 orc wizards
  20 worker ants
  A killer bee zombie (D:8)
  A hound zombie (D:11)
  A hound skeleton (D:9)
  13 mummies (Ossuary)
  A worker ant zombie (D:9)
  6 gnolls (D:12)
  13 adders
  A river rat (Sewer)
  4 shadow imps
  An ooze (D:7)
  2 adder skeletons
  2 adder zombies
  3 worms
  5 dart slugs
  13 leopard geckos
  117 orcs
  10 bats
  7 giant cockroaches
  11 goblins
  6 hobgoblins
  4 jackals
  6 quokkas
  3 frilled lizards
  A giant cockroach zombie (D:5)
  2 gnoll skeletons (Ossuary)
  3 goblin skeletons (Ossuary)
  33 kobolds
  2 kobold skeletons (Ossuary)
  A leopard gecko zombie (D:5)
  An orc skeleton (Ossuary)
  11 rats
  11 rat skeletons (Ossuary)
1134 creatures vanquished.

Vanquished Creatures (others)
  A slave (D:6)
  A centaur (D:8)
  An ogre (D:8)
  2 crocodiles (D:8)
  A bullfrog (D:6)
  A scorpion (D:8)
  A hound (D:6)
  2 worker ants
  3 adders
  A howler monkey skeleton (D:6)
  2 quokka skeletons
  20 fungi
  51 plants
87 creatures vanquished.

Grand Total: 1221 creatures vanquished

Notes
Turn   | Place    | Note
-------+----------+-------------------------------------------
     0 | D:1      | Maramoto the Gargoyle Earth Elementalist began the quest for the Orb.
     0 | D:1      | Reached XP level 1. HP: 10/10 MP: 3/3
   211 | D:1      | Reached XP level 2. HP: 10/15 MP: 1/5
   715 | D:1      | Reached XP level 3. HP: 19/19 MP: 5/7
   716 | D:1      | Reached skill level 3 in Spellcasting
   729 | D:1      | Learned a level 3 spell: Stone Arrow
  1510 | D:2      | Reached XP level 4. HP: 24/24 MP: 8/8
  1812 | D:2      | Reached skill level 1 in Conjurations
  2576 | D:3      | Noticed Maramoto's ghost (amateur GrEE)
  2589 | D:3      | Killed Maramoto's ghost
  2589 | D:3      | Reached skill level 5 in Earth Magic
  2589 | D:3      | Reached XP level 5. HP: 23/28 MP: 0/10
  2622 | D:3      | Reached skill level 4 in Spellcasting
  2697 | D:3      | Noticed Terence
  2759 | D:3      | Killed Terence
  2896 | D:3      | Reached XP level 6. HP: 15/32 MP: 12/12
  3522 | D:4      | Found a deep blue altar of Sif Muna.
  3523 | D:4      | Found a basalt altar of Yredelemnul.
  3698 | D:4      | Found a glowing drain.
  3793 | Sewer    | Entered a sewer
  3952 | Sewer    | Reached skill level 5 in Spellcasting
  3952 | Sewer    | Reached XP level 7. HP: 34/36 MP: 1/14
  4060 | Sewer    | Found a white marble altar of Elyvilon.
  4306 | D:4      | Found a burning altar of Makhleb.
  4306 | D:4      | Noticed a cacodemon
  4869 | D:5      | Entered Level 5 of the Dungeon
  5033 | D:4      | Gained mutation: You possess an exceptional clarity of mind. [potion of beneficial mutation]
  5198 | D:4      | Reached skill level 6 in Spellcasting
  5296 | D:4      | You fall through a shaft!
  5307 | D:5      | Reached XP level 8. HP: 41/41 MP: 5/17
  5403 | D:5      | Found a sand-covered staircase.
  5413 | Ossuary  | Entered an ossuary
  6363 | Ossuary  | Learned a level 5 spell: Lee's Rapid Deconstruction
  7583 | D:5      | Found a stormy altar of Qazlal.
  7625 | D:5      | Reached skill level 7 in Spellcasting
  7946 | D:5      | Noticed Prince Ribbit
  7953 | D:5      | Killed Prince Ribbit
  7953 | D:5      | Reached skill level 1 in Armour
  8029 | D:5      | Reached skill level 1 in Fighting
  8167 | D:5      | Found an opulent altar of Gozag.
  8354 | D:5      | Found a blossoming altar of Fedhas.
  8356 | D:5      | Found an ancient bone altar of Kikubaaqudgha.
  8477 | D:6      | Reached XP level 9. HP: 47/47 MP: 16/20
  8501 | D:6      | Upgraded the game from 0.20-a0-9-g62d82d9 to 0.20-a0-11-ga97c7b5
  8576 | D:6      | Reached skill level 1 in Polearms
  8809 | D:6      | Noticed Pikel
  8823 | D:6      | Killed Pikel
  8823 | D:6      | Reached skill level 5 in Conjurations
  9364 | D:6      | Found a staircase to the Ecumenical Temple.
  9575 | Temple   | Entered the Ecumenical Temple
  9587 | Temple   | Became a worshipper of Vehumet
 10002 | D:6      | Reached skill level 8 in Spellcasting
 10419 | D:7      | Reached skill level 1 in Maces & Flails
 10652 | D:7      | Got a fine quarterstaff
 10655 | D:7      | Identified the +5 quarterstaff of Evisceration {freeze, Int+4} (You found it on level 7 of the Dungeon)
 10727 | D:7      | Reached XP level 10. HP: 16/56 MP: 9/22
 11331 | D:7      | Reached * piety under Vehumet
 11331 | D:7      | Offered knowledge of Sting by Vehumet.
 11728 | D:8      | Reached skill level 1 in Staves
 11969 | D:8      | Found a bloodstained altar of Trog.
 12486 | D:8      | Found a shimmering altar of Xom.
 12577 | D:8      | Found a hazy altar of Hepliaklqana.
 13024 | D:8      | Reached skill level 9 in Spellcasting
 13166 | D:8      | Found a staircase to the Lair.
 13721 | D:8      | Reached skill level 5 in Armour
 14033 | D:9      | Found a white marble altar of Elyvilon.
 14033 | D:9      | Noticed Joseph
 14040 | D:9      | Killed Joseph
 14365 | D:9      | Noticed GsBirdie's ghost (novice MiBe)
 14375 | D:9      | Killed GsBirdie's ghost
 14375 | D:9      | Reached XP level 11. HP: 44/62 MP: 8/24
 14500 | D:9      | Found an iron altar of Okawaru.
 14583 | D:9      | Found a glowing golden altar of the Shining One.
 14681 | D:9      | Reached ** piety under Vehumet
 14681 | D:9      | Offered knowledge of Throw Flame by Vehumet.
 15190 | D:10     | Entered Level 10 of the Dungeon
 16009 | D:10     | Noticed Erolcha
 16023 | D:10     | Killed Erolcha
 16023 | D:10     | Reached skill level 5 in Fighting
 16068 | D:10     | Lost mutation: You possess an exceptional clarity of mind. [potion of cure mutation]
 16214 | D:10     | Offered knowledge of Searing Ray by Vehumet.
 16585 | Lair:1   | Entered Level 1 of the Lair of Beasts
 16874 | Lair:1   | Reached skill level 10 in Spellcasting
 17020 | Lair:1   | Reached *** piety under Vehumet
 17610 | Lair:1   | Reached XP level 12. HP: 68/68 MP: 12/26
 17784 | Lair:1   | Reached skill level 10 in Earth Magic
 18617 | Lair:2   | Found a staircase to the Shoals.
 18762 | Lair:2   | Noticed a four-headed hydra
 18765 | Lair:2   | Killed a four-headed hydra
 18765 | Lair:2   | Reached skill level 5 in Dodging
 18858 | Lair:2   | Found a frozen archway.
 18880 | Lair:2   | Offered knowledge of Throw Icicle by Vehumet.
 19006 | IceCv    | Entered an ice cave
 19735 | IceCv    | Reached **** piety under Vehumet
 19837 | IceCv    | Reached skill level 5 in Maces & Flails
 20101 | IceCv    | Offered knowledge of Yara's Violent Unravelling by Vehumet.
 20442 | IceCv    | Reached skill level 11 in Spellcasting
 20613 | IceCv    | Noticed a death yak
 20616 | IceCv    | Reached skill level 5 in Staves
 20621 | IceCv    | Killed a death yak
 20621 | IceCv    | Reached XP level 13. HP: 71/76 MP: 25/28
 20710 | IceCv    | Noticed a frost giant
 21248 | IceCv    | Killed a frost giant
 21565 | IceCv    | Identified the Guide on Nocuous Flames
 21596 | Lair:2   | Learned a level 6 spell: Bolt of Fire
 22000 | Lair:2   | Reached skill level 1 in Fire Magic
 24382 | Lair:4   | Noticed Nessos
 24398 | Lair:4   | Killed Nessos
 24754 | Lair:4   | Found a staircase to the Snake Pit.
 26592 | Lair:5   | Found a viscous altar of Jiyva.
 26592 | Lair:5   | Found a staircase to the Slime Pits.
 26629 | Lair:5   | Found a dark tunnel.
 26638 | Volcano  | Entered a volcano
 26739 | Volcano  | Gained mutation: Your large and strong wings let you fly indefinitely. [Gargoyle growth]
 26739 | Volcano  | Reached XP level 14. HP: 82/82 MP: 18/29
 27490 | Lair:5   | Reached skill level 5 in Fire Magic
 27501 | Lair:5   | Got a crude war axe
 27502 | Lair:5   | Identified the +7 war axe of the King {flame, Dex+2} (You found it on level 5 of the Lair of Beasts)
 28123 | Lair:5   | Reached skill level 12 in Spellcasting
 28532 | Lair:6   | Entered Level 6 of the Lair of Beasts
 28675 | Lair:6   | Reached ***** piety under Vehumet
 28687 | Lair:6   | Learned a level 3 spell: Mephitic Cloud
 29036 | Lair:6   | Offered knowledge of Iskenderun's Battlesphere by Vehumet.
 30935 | Lair:6   | Reached skill level 10 in Conjurations
 31167 | Lair:6   | Identified a scroll of acquirement
 31167 | Lair:6   | Identified Maramoto's Grimoire of Flamy Evil Rites (You acquired it on level 6 of the Lair of Beasts)
 31177 | Lair:6   | Learned a level 5 spell: Fireball
 31439 | Lair:6   | Reached XP level 15. HP: 68/89 MP: 31/31
 32507 | Lair:6   | Offered knowledge of Conjure Ball Lightning by Vehumet.
 33131 | Lair:6   | Found a runed door.
 34615 | D:11     | Noticed Maurice
 34617 | D:11     | Killed Maurice
 35262 | D:12     | Reached skill level 13 in Spellcasting
 35447 | D:12     | Offered knowledge of Poisonous Cloud by Vehumet.
 35667 | D:12     | Found a staircase to the Orcish Mines.
 37831 | D:13     | Reached XP level 16. HP: 77/96 MP: 23/33
 38063 | D:13     | Reached skill level 10 in Armour
 38734 | D:13     | Reached ****** piety under Vehumet
 39023 | D:14     | Offered knowledge of Delayed Fireball by Vehumet.
 40030 | D:14     | Found Eklev's Armour Emporium.
 40121 | D:14     | Gained mutation: You are agile. (Dex +2) [potion of beneficial mutation]
 40187 | D:14     | Found Diofyxuts's Distillery.
 40197 | D:14     | Bought a potion of agility for 56 gold pieces
 40197 | D:14     | Bought a potion of invisibility for 112 gold pieces
 40197 | D:14     | Bought a potion of invisibility for 112 gold pieces
 40197 | D:14     | Bought a potion of resistance for 140 gold pieces
 41135 | D:14     | Found a gate to the Vaults.
 41425 | D:14     | Found an opulent altar of Gozag.
 41449 | D:14     | Found Vugifie's Armour Shoppe.
 41766 | D:15     | Entered Level 15 of the Dungeon
 41864 | D:15     | Found a labyrinth entrance.
 41873 | Lab      | Entered a labyrinth
 42123 | Lab      | Got a bound granite ring
 42124 | Lab      | Identified the ring of Mistrust {Fire Dex+3} (You found it in a labyrinth)
 42915 | D:15     | Offered knowledge of Poison Arrow by Vehumet.
 42920 | D:15     | Found a staircase to the Depths.
 43177 | D:15     | Learned a level 6 spell: Poison Arrow
 43716 | Orc:1    | Entered Level 1 of the Orcish Mines
 43716 | Orc:1    | Found Meefed's Assorted Antiques.
 43870 | Orc:1    | Bought a scroll of identify for 72 gold pieces
 43939 | Orc:2    | Entered Level 2 of the Orcish Mines
 44613 | Orc:2    | Offered knowledge of Iron Shot by Vehumet.
 44729 | Orc:2    | Learned a level 6 spell: Iron Shot
 44881 | Orc:2    | Reached skill level 10 in Fighting
 45323 | Orc:2    | Found a roughly hewn altar of Beogh.
 45649 | Orc:2    | Found a staircase to the Elven Halls.
 45869 | Orc:2    | Reached XP level 17. HP: 98/102 MP: 34/34
 45944 | Orc:2    | Reached skill level 14 in Spellcasting
 46033 | Orc:2    | Found Nudyoseg's Book Boutique.
 46033 | Orc:2    | Found Vuikob's Magic Scroll Shoppe.
 46034 | Orc:2    | Found Nilofi Vogh's Food Shoppe.
 46034 | Orc:2    | Found Vycarhiy's Weapon Shop.
 46046 | Orc:2    | Bought a scroll of identify for 28 gold pieces
 46046 | Orc:2    | Bought a scroll of identify for 28 gold pieces
 46046 | Orc:2    | Bought a scroll of enchant armour for 105 gold pieces
 46046 | Orc:2    | Bought a scroll of identify for 28 gold pieces
 46046 | Orc:2    | Bought a scroll of identify for 28 gold pieces
 46046 | Orc:2    | Bought a scroll of holy word for 105 gold pieces
 47065 | Lair:4   | You are sucked into a shaft for 2 floors!
 47114 | Snake:1  | Entered Level 1 of the Snake Pit
 47382 | Snake:1  | Offered knowledge of Spellforged Servitor by Vehumet.
 47387 | Snake:1  | Reached skill level 10 in Fire Magic
 47621 | Snake:1  | Noticed GsBirdie's ghost (adept MiBe)
 48145 | Snake:1  | Killed GsBirdie's ghost
 48547 | Snake:1  | Got a translucent silver ring
 48548 | Snake:1  | Identified the ring of Fiuj {*Tele +Inv rF+ MR+} (You found it on level 1 of the Snake Pit)
 49396 | Snake:1  | Found Pyonanam's Weapon Shop.
 49485 | Snake:1  | Found Wuocyesh's Jewellery Emporium.
 49485 | Snake:1  | Found Okkichun's Gadget Boutique.
 49486 | Snake:1  | Found Onluev's Gadget Boutique.
 49505 | Snake:1  | Bought an uncursed ring of magical power for 260 gold pieces
 49604 | Snake:2  | Found Lum Saist's Gadget Shop.
 49793 | Snake:2  | Found Quket's Antique Weapon Boutique.
 49795 | Snake:2  | Found a flickering gateway to a bazaar.
 49799 | Snake:2  | Noticed Vashnia
 49805 | Snake:2  | HP: 2/103 [naga sharpshooter/arrow[Vashnia] (7)]
 49806 | Bazaar   | Entered a bazaar
 50292 | Bazaar   | Found Acimimul's Weapon Emporium.
 50292 | Bazaar   | Found Iskitoko's Food Emporium.
 50328 | Bazaar   | Found Ewniuni's Jewellery Shoppe.
 50328 | Bazaar   | Found Icimaria's Antique Weapon Shoppe.
 50367 | Bazaar   | Bought 3 fruits for 36 gold pieces
 50367 | Bazaar   | Bought a bread ration for 40 gold pieces
 50367 | Bazaar   | Bought a bread ration for 40 gold pieces
 50367 | Bazaar   | Bought a meat ration for 40 gold pieces
 50367 | Bazaar   | Bought 4 fruits for 48 gold pieces
 50367 | Bazaar   | Bought a slice of pizza for 12 gold pieces
 50367 | Bazaar   | Bought a bread ration for 40 gold pieces
 50367 | Bazaar   | Bought a bread ration for 40 gold pieces
 50367 | Bazaar   | Bought a royal jelly for 16 gold pieces
 51892 | Snake:2  | HP: 4/103 [naga sharpshooter/bolt[Vashnia] (26)]
 51894 | Snake:2  | Shot with an arrow by a naga sharpshooter

Vault maps used:
D:1:      dpeg_arrival_pond
D:2:      serial_forest, infiniplex_forest_lined_room_2,
          infiniplex_forest_lined_2, infiniplex_forest_clump_curved,
          infiniplex_forest_lined_3_way, infiniplex_forest_clump_cross,
          infiniplex_forest_straight_1
D:3:      first_bread, uniq_terence
D:4:      makhleb_altar_promises_db, minitemple, portal_sewer_entry_d,
          kennysheep_nub
D:5:      grunt_temple_overflow_growth_and_decay, grunt_qazlal_clouds,
          nicolae_ossuary_entry_ruins, lemuel_statue_altar, uniq_prince_ribbit1
D:6:      uniq_pikel
D:7:      serial_glass, glass_columns_c, glass_columns_b, glass_columns_b,
          glass_columns_a, glass_columns_a, glass_columns_a, glass_columns_b,
          glass_columns_b, grunt_livestock
D:8:      lightli_temple_of_fire, xom_confusion_cloud,
          nicolae_overflow_crystal_walls, david_lair_shrubbed,
          serial_bayou_pond_c
D:9:      kennysheep_little_box, kennysheep_mini, lemuel_doored_altar,
          uniq_joseph
D:10:     uniq_erolcha
D:11:     uniq_maurice
D:12:     minmay_imperfect_grid, kennysheep_orc_monster_closet_entryway
D:13:     chequers_big_river, serial_bayou_lagoon_a
D:14:     minmay_crescents, hangedman_vaults_entry_quadrant_bands, serial_shops,
          nicolae_shop_behind_doors, nicolae_shop_competitors_out_of_business,
          shop, minmay_misc_feat_cross, basic_altar
D:15:     hangedman_depths_entry_civil_slaughter, lab_entry_generic,
          minmay_misc_feat_roman
Temple:   compressed_dpeg_triangle_lava_temple
Lair:1:   infiniplex_staircase_pool_2, grunt_megastairs_3, lemuel_fruit_fields
Lair:2:   minmay_shoals_entry_hut, portal_ice_cave_rime,
          grunt_forest_large_clearing_hut
Lair:4:   dummy_snake_entry, uniq_nessos
Lair:5:   slime_altar_1, nicolae_volcano_entry_batcave, serial_bayou_shore_a
Lair:6:   hangedman_lair_caniforms_friends, wormcave, grunt_megastairs_2
Snake:1:  serial_shops, shop, minmay_shop_grove
Snake:2:  serial_shops, bzr_entry_water, shop, shop, basic_altar,
          grunt_ministairs_7, uniq_louise, uniq_vashnia
Orc:1:    serial_shops, nicolae_shop_trees
Orc:2:    st_orc_ogre_mass, basic_altar
Lab:      labyrinth_watery, lab_hedge, nicolae_lab_very_dead_end,
          nicolae_lab_flowing_pool, nicolae_lab_garden, nicolae_lab_x,
          nicolae_lab_grate_2, labyrinth_skeletal_remains
Bazaar:   grunt_bazaar_doublecross
Sewer:    sewer_kobolds
Ossuary:  ossuary_due_small_catacomb
IceCv:    ice_cave_caverns_01
Volcano:  volcano_pools

Skill      XL: |  1  2  3  4  5  6  7  8  9 10 11 12 13 14 15 16 17 |
---------------+----------------------------------------------------+-----
Earth Magic    | 4 5 6 7 8 9 10 11 12 13 | 13.6
Spellcasting   | 3 4 5 6 7 8 9 10 11 12 13 14 | 14.4
Conjurations   | 1 2 3 4 5 6 7 8 9 10 11 12 | 12.1
Armour         | 1 3 5 6 7 8 9 10 11 | 11.1
Fighting       | 1 3 4 5 6 7 8 9 10 | 10.4
Polearms       | 1 |  1.5
Dodging        | 3 4 5 6 7 8 |  8.5
Maces & Flails | 2 3 4 5 |  5.7
Staves         | 2 3 5 6 7 8 9 |  9.3
Fire Magic     | 4 6 8 9 10 | 10.6
Stealth        | |  2.1
Transmutations | |  0.7

Action                   |  1- 3 |  4- 6 |  7- 9 | 10-12 | 13-15 | 16-18 || total
-------------------------+-------+-------+-------+-------+-------+-------++-------
Melee: Rapier            |    34 |   270 |   243 |       |       |       ||   547
       Whip              |       |       |    61 |       |       |       ||    61
       Dagger            |       |       |    46 |       |       |       ||    46
       Quarterstaff      |       |       |    21 |   656 |  1050 |   532 ||  2259
       War axe           |       |       |       |       |     9 |       ||     9
 Cast: Sandblast         |    35 |       |     1 |       |       |       ||    36
       Stone Arrow       |       |    26 |    91 |   117 |   259 |    27 ||   520
       Lee's Rapid Decon |       |       |     1 |    27 |    40 |    42 ||   110
       Bolt of Fire      |       |       |       |       |    79 |   162 ||   241
       Fireball          |       |       |       |       |    27 |    60 ||    87
       Mephitic Cloud    |       |       |       |       |     4 |       ||     4
       Iron Shot         |       |       |       |       |       |    31 ||    31
       Poison Arrow      |       |       |       |       |       |     1 ||     1
 Abil: Fly               |       |       |       |       |     1 |       ||     1
Evoke: Wand              |       |       |       |     3 |     5 |     9 ||    17
       Phantom mirror    |       |       |       |       |     1 |     1 ||     2
  Use: Scroll            |     1 |     9 |     6 |    13 |    16 |    12 ||    57
       Potion            |       |     5 |     5 |     4 |     9 |    19 ||    42
 Stab: Sleeping          |     1 |     3 |     4 |     5 |    11 |     2 ||    26
       Distracted        |       |       |       |     3 |     1 |     1 ||     5
       Invisible         |       |       |       |       |     5 |     2 ||     7
       Paralysed         |       |       |       |       |     4 |       ||     4
       Confused          |       |       |       |       |     2 |       ||     2
  Eat: Chunk             |     2 |     9 |    10 |    23 |    56 |    40 ||   140
       Beef jerky        |       |     1 |     3 |       |     4 |     2 ||    10
       Bread ration      |       |       |     2 |     1 |       |       ||     3
       Fruit             |       |       |       |    11 |       |     7 ||    18
       Pizza             |       |       |       |       |     8 |     1 ||     9
       Royal jelly       |       |       |       |       |       |    12 ||    12
Armor: Robe              |    33 |   116 |   168 |   319 |   624 |   241 ||  1501
Dodge: Dodged            |    32 |   219 |   239 |   527 |   952 |   546 ||  2515
Block: Other             |       |       |       |       |       |   104 ||   104
       Reflection        |       |       |       |       |       |     8 ||     8
